 Dungeon Crawl Stone Soup version 0.27-a0-1196-g3e9cee4 (webtiles) character file.

Game seed: 15732525397234466181

57 Meow the Sneak (level 4, 36/36 HPs)
             Began as a Naga Venom Mage on May 27, 2021.
             Quit the game on level 2 of the Dungeon.
             The game lasted 00:05:01 (1808 turns).

Meow the Sneak (Naga Venom Mage)                    Turns: 1808, Time: 00:05:02

Health: 36/36      AC:  7    Str: 10    XL:     4   Next: 0%
Magic:  6/8        EV: 10    Int: 16    God:
Gold:   62         SH:  0    Dex: 12    Spells: 1/8 levels left

rFire    . . .     SeeInvis +   a - +1 short sword (venom)
rCold    . . .     Faith    .   (no shield)
rNeg     . . .     Spirit   .   d - +0 robe
rPois    +         Reflect  .   (no helmet)
rElec    .         Harm     .   (no cloak)
rCorr    .         Rampage  .   r - +0 pair of gloves
Will     .....                  (no barding)
Stlth    +++.......             (no amulet)
HPRegen  0.12/turn              k - +4 ring of protection
MPRegen  0.11/turn              (no ring)

@: short of breath, very slow
A: AC +1, large, see invisible, deformed body, poison resistance, slowness 2,
spit poison 1, naga tail 1
a: Spit Poison


You were on level 2 of the Dungeon.
You visited 1 branch of the dungeon, and saw 2 of its levels.

You collected 62 gold pieces.

Inventory:

Hand Weapons
 a - a +1 short sword of venom (weapon)
 b - a +0 hand axe
Missiles
 h - 2 throwing nets
 j - 18 poisoned darts (quivered)
 l - 9 bolts
 u - 3 boomerangs
Armour
 d - a +0 robe (worn)
 r - a +0 pair of gloves (worn)
Jewellery
 k - a +4 ring of protection (left hand)
Scrolls
 c - a scroll of enchant armour {unknown}
 e - a scroll of fog {unknown}
 g - a scroll of teleportation {unknown}
 n - a scroll of enchant weapon {unknown}
 o - a scroll of acquirement {unknown}
 q - a scroll of vulnerability {unknown}
Potions
 f - a potion of flight {unknown}
 i - a potion of might {unknown}
 m - a potion of lignification {unknown}
 p - a potion of berserk rage {unknown}
 s - 2 potions of haste {unknown}
 t - a potion of resistance {unknown}


   Skills:
 - Level 1.5 Dodging
 * Level 4.6 Stealth
 + Level 2.7 Spellcasting
 + Level 1.5 Conjurations
 - Level 1.0 Transmutations
 - Level 4.0 Poison Magic


You had one spell level left.
You knew the following spells:

 Your Spells              Type           Power      Damage    Failure   Level
a - Sting                 Tmut/Pois      40%        1d5       7%          1
c - Mephitic Cloud        Conj/Pois/Air  8%         N/A       26%         3
C - Ignite Poison         Fire/Tmut/Pois 7%         N/A       28%         3

Your spell library contained the following spells:

 Spells                   Type           Power      Damage    Failure   Level
 Poisonous Vapours        Pois/Air       16%        N/A       13%         2
 Olgreb's Toxic Radiance  Pois           15%        N/A       36%         4


Dungeon Overview and Level Annotations

Branches:
Dungeon (2/15)

Altars:


Innate Abilities, Weirdness & Mutations

Your serpentine skin is tough. (AC +1)
You have supernaturally acute eyesight. (SInv)
Armour fits poorly on your strangely shaped body.
Your system is resistant to poisons. (rPois)
You cover ground very slowly.
You can spit poison.
You have a snake-like lower body.


Message History

Your +1 short sword of venom begins to drip with poison!
u - a +1 short sword of venom (weapon)
Adjust (i)tems, (s)pells, or (a)bilities?
u - a +1 short sword of venom (weapon)
Adjust to which letter? (? for menu, Esc to quit)
a - a +1 short sword of venom (weapon);
u - a +0 hand axe Drop what? 21/52 slots (_ for help) (? for menu, Esc to quit)
Okay, then.
Adjust (i)tems, (s)pells, or (a)bilities?
u - a +0 hand axe Adjust to which letter? (? for menu, Esc to quit)
b - a +0 hand axe;
u - 3 boomerangs You are already wielding that!
Found a stone staircase leading up.
Found a leather armour.
There is an open door here.
You now have 62 gold pieces (gained 13).
You open the door.
There is an open door here.
A goblin comes into view. It is wielding a +0 dagger.
A goblin is nearby!
Press: ? - help, Shift-Dir - straight line, f - you Really target yourself?
Okay, then.
The goblin shouts!
Press: ? - help, Shift-Dir - straight line, f - goblin
Aim: a goblin, wielding a +0 dagger and quivering stones The splash of poison hits the goblin.
The goblin is poisoned.
The goblin is heavily wounded.
Casting: Sting (safe; 7% risk of failure)
Confirm with . or Enter, or press ? or * to list all spells.
Aiming: Sting (safe; 7% risk of failure)
Press: ? - help, Shift-Dir - straight line, f/p - goblin
Aim: a goblin, wielding a +0 dagger and quivering stones (heavily wounded, poisoned, 64% to hit)
The sting hits the goblin.
The goblin looks even sicker.
You kill the goblin!
You hear a splash. x2
You have reached level 4!
You feel agile.
Are you sure you want to abandon this character and quit the game? (Confirm with "yes".)

...#.#######.#....#####.#.###.#.#
.#.#.......#<#.#.## #.#.....#.#
.#......##.###.#.# #.#######.#
.#..###.##.# #.#.# #.........#
.##..##.##.###.#.# #############
........##.......###≈≈≈≈## ###
####....######..###≈≈≈≈≈≈###.#
.#......#.. #.........≈≈....# #
.#.##...#.# #..@.......≈≈...# #
.#......#.#. #......≈≈....≈..# #
....##..#.#.##.....)..≈≈..≈..# #
..........#.##.....≈....≈≈...## #
#...###.###.##......≈≈⌠.......###
..........#.##.......⌠≈≈.........
########..#.##....≈≈.)..≈....####
# #..#.##...≈..≈≈..≈....# # #
#†.#......≈....≈≈.....# #


There were no monsters in sight!

Vanquished Creatures
  An adder (D:2)
  A dart slug (D:1)
  4 ball pythons
  2 bats (D:1)
  7 endoplasms
  A giant cockroach (D:2)
  6 goblins
  3 hobgoblins (D:1)
  2 jackals (D:2)
  2 quokkas (D:1)
  6 frilled lizards
  2 kobolds (D:1)
  3 rats
40 creatures vanquished.

Notes
Turn   | Place    | Note
-------+----------+-------------------------------------------
     0 | D:1      | Meow the Naga Venom Mage began the quest for the Orb.
     0 | D:1      | Reached XP level 1. HP: 15/15 MP: 3/3
   337 | D:1      | Reached XP level 2. HP: 22/22 MP: 3/5
   387 | D:1      | Reached skill level 1 in Conjurations
   676 | D:1      | Reached XP level 3. HP: 26/28 MP: 2/6
   680 | D:1      | Learned a level 3 spell: Mephitic Cloud
   778 | D:1      | Learned a level 3 spell: Ignite Poison
   780 | D:1      | Found a faded altar of an unknown god.
  1808 | D:2      | Reached XP level 4. HP: 36/36 MP: 6/8
  1808 | D:2      | Quit the game

Illustrated notes

Levels and vault maps discovered:
D:1:      shiori_shiawase, layout_basic, basic_ecumenical_altar,
          chequers_serial_rivers_micro_a, minmay_misc_feat_iff
D:2:      cheibrodos_helix_gallery, layout_basic

Skill      XL: |  1  2  3 |
---------------+----------+-----
Conjurations   | 1 |  1.5
Stealth        | 4 |  4.6
Dodging        | |  1.5
Spellcasting   | |  2.7
Transmutations | |  1.0
Poison Magic   | |  4.0

Action                   |  1- 3 |  4- 6 || total
-------------------------+-------+-------++-------
Melee: Hand axe          |     7 |       ||     7
Throw: Boomerang         |    10 |       ||    10
       Dart              |    11 |       ||    11
 Cast: Sting             |    33 |       ||    33
 Abil: Spit Poison       |    33 |       ||    33
Armor: Robe              |     6 |       ||     6
Dodge: Dodged            |     7 |       ||     7

Table legend: (Time is in decaauts)
 A = Elapsed time spent in this place.
 B = Non-inter-level travel time spent in this place.
 C = Inter-level travel time spent in this place.
 D = Time resting spent in this place.
 E = Time spent auto-exploring this place.
 F = Levels seen in this place.
 G = Mean time per level.
                   A        B        C        D        E       F      G
               +--------+--------+--------+--------+--------+-----+--------+
         Total |   2367 |   2311 |     56 |    236 |   1701 |   2 | 1183.5 |
       Dungeon |   2367 |   2311 |     56 |    236 |   1701 |   2 | 1183.5 |
               +--------+--------+--------+--------+--------+-----+--------+

Top non-repeatable levels by time:
     D:1: 1354 daAuts
     D:2: 1013 daAuts
